 Dungeon Crawl Stone Soup version 0.29.1-1-gd02db6906a (webtiles) character file.

Game seed: 6115687785112185947

3454 raistware the Thaumaturge (level 10, -7/58 HPs)
             Began as an Octopode Conjurer on Sept 16, 2022.
             Was a Follower of Vehumet.
             Mangled by a wight
             ... wielding a +3 flail
              (16 damage)
             ... on level 9 of the Dungeon.
             The game lasted 00:20:47 (10078 turns).

raistware the Thaumaturge (Octopode Conjurer)      Turns: 10078, Time: 00:20:48

Health: -7/58      AC:  1    Str: 12    XL:     10   Next: 6%
Magic:  2/23       EV: 13    Int: 25    God:    Vehumet [*.....]
Gold:   130        SH:  0    Dex: 11    Spells: 15/27 levels left

rFire   . . .      SeeInvis .   d - +3 short sword
rCold   . . .      Faith    .   (no shield)
rNeg    . . .      Spirit   .   (helmet restricted)
rPois   .          Reflect  .   (no amulet)
rElec   .          Harm     .   f - +6 ring of strength
rCorr   .          Rampage  .   B - ring of willpower
Will    +....                   (no ring)
Stlth   +++.......              (no ring)
HPRegen 0.19/turn               (no ring)
MPRegen 0.18/turn               (no ring)
                                (no ring)
                                (no ring)

@: mighty
A: almost no armour, amphibious, 8 rings, camouflage 1, gelatinous body 1,
(nimble swimmer 1), tentacles
a: Renounce Religion


You were on level 9 of the Dungeon.
You worshipped Vehumet.
Vehumet was aware of your devotion.
You visited 2 branches of the dungeon, and saw 10 of its levels.

You collected 423 gold pieces.
You spent 293 gold pieces at shops.

Inventory:

Hand Weapons
 d - a +3 short sword (weapon)
 w - a +3 quarterstaff of chaos
Missiles
 h - 23 poisoned darts
 o - 7 curare-tipped darts
 s - a throwing net
Jewellery
 f - a +6 ring of strength (left tentacle)
 B - a ring of willpower (right tentacle)
Wands
 v - a wand of iceblast (27)
 y - a wand of paralysis (8)
 C - a wand of light (8)
Scrolls
 c - 2 scrolls of fear
 i - a scroll of vulnerability {unknown}
 m - 5 scrolls of noise
 n - a scroll of teleportation {unknown}
 t - 2 scrolls of blinking {unknown}
 u - a scroll of fog {unknown}
 x - a scroll of magic mapping {unknown}
Potions
 a - a potion of magic
 e - 2 potions of heal wounds
 g - a potion of degeneration {unknown}
 j - 2 potions of lignification {unknown}
 k - 2 potions of attraction {unknown}
 l - a potion of ambrosia {unknown}
 p - 3 potions of curing
 q - 3 potions of resistance {unknown}
 r - 2 potions of mutation {unknown}
 z - 2 potions of flight {unknown}
 A - 3 potions of cancellation {unknown}


   Skills:
 - Level 1.0 Fighting
 - Level 3.0 Dodging
 - Level 3.0 Stealth
 + Level 9.1 Spellcasting
 + Level 8.9 Conjurations
 - Level 2.0 Translocations
 - Level 5.0 Earth Magic


You had 15 spell levels left.
You knew the following spells:

 Your Spells              Type           Power      Damage    Failure   Level
a - Magic Dart            Conj           100%       1d8       1%          1
b - Iskenderun's Mystic   Conj/Tloc      38%        2d9       5%          4
c - Stone Arrow           Conj/Erth      92%        3d12      1%          3
d - Olgreb's Toxic Radia  Pois           11%        N/A       47%         4

Your spell library contained the following spells:

 Spells                   Type           Power      Damage    Failure   Level
 Shock                    Conj/Air       100%       1d9       1%          1
 Sandblast                Erth           72%        2d16      1%          1
 Searing Ray              Conj           100%       2d8       1%          2
 Dazzling Flash           Conj/Hex       66%        N/A       2%          3
 Passwall                 Tmut/Erth      19%        N/A       3%          2
 Freeze                   Ice            44%        1d6       5%          1
 Necrotise                Necr           44%        1d6       5%          1
 Sting                    Tmut/Pois      44%        1d5       5%          1
 Ensorcelled Hibernation  Hex/Ice        22%        N/A       9%          2
 Poisonous Vapours        Pois/Air       22%        N/A       9%          2
 Fulminant Prism          Conj/Hex       16%        3d11      9%          4
 Hailstorm                Conj/Ice       33%        3d8       9%          4
 Frozen Ramparts          Ice            22%        1d4       16%         3
 Ozocubu's Armour         Ice            11%        N/A       16%         3
 Swiftness                Air            11%        N/A       16%         3
 Vampiric Draining        Necr           11%        2d6       16%         3
 Cause Fear               Hex            5%         N/A       47%         4
 Agony                    Necr           11%        N/A       83%         5
 Metabolic Englaciation   Hex/Ice        5%         N/A       83%         5
 Simulacrum               Ice/Necr       5%         N/A       100%        6
 Dragon Form              Tmut           5%         N/A       100%        7
 Dragon's Call            Summ           5%         N/A       100%        9


Dungeon Overview and Level Annotations

Branches:
Dungeon (9/15)             Temple (1/1) D:6
   Lair: D:8-11         Orc: D:9-12

Altars:
Ashenzari
Cheibriados
Dithmenos
Elyvilon
Fedhas
Gozag
Hepliaklqana
Kikubaaqudgha
Makhleb
Nemelex Xobeh
Okawaru
Qazlal
Ru
Sif Muna
Uskayaw
Vehumet
Wu Jian
Xom
Yredelemnul
Zin
The Shining One

Shops:
D:3 *   D:4 ?   D:8 :

Annotations:
D:7 exclusions: centaur, cyclops and hydra
Temple 2 transporters


Innate Abilities, Weirdness & Mutations

You cannot wear most types of armour.
You are amphibious.
You can wear up to eight rings at the same time.
Your skin changes colour to match your surroundings (Stealth+).
Your rubbery body absorbs attacks. (AC +1, EV +1)
((You are camouflaged when in or above water. (Stealth+)))
You have tentacles for arms and can constrict up to eight enemies at once.


Message History

The unseen horror zombie is moderately damaged.
The unseen horror zombie hits you. The unseen horror zombie hits you!
Unknown command.
Casting: Stone Arrow (safe; 1% risk of failure)
Confirm with . or Enter, or press ? or * to list all spells.
Aiming: Stone Arrow (safe; 1% risk of failure)
Press: ? - help, Shift-Dir - straight line, f/p - unseen horror zombie
Aim: an unseen horror zombie (moderately damaged, 92% to hit)
The stone arrow misses the unseen horror zombie.
The unseen horror zombie hits you!
The unseen horror zombie barely misses you.
The unseen horror zombie misses you.
Casting: Stone Arrow (safe; 1% risk of failure)
Confirm with . or Enter, or press ? or * to list all spells.
Aiming: Stone Arrow (safe; 1% risk of failure)
Press: ? - help, Shift-Dir - straight line, f/p - unseen horror zombie
Aim: an unseen horror zombie (moderately damaged, 92% to hit)
The stone arrow misses the unseen horror zombie.
The unseen horror zombie hits you.
The unseen horror zombie barely misses you.
A wight comes into view. It is wielding a +3 flail.
The unseen horror zombie barely misses you. x2
The unseen horror zombie misses you. The unseen horror zombie misses you.
The unseen horror zombie hits you.
Things that are here:
a +0 short sword; an orc corpse The unseen horror zombie closely misses you.
The unseen horror zombie hits you.
You feel very mighty all of a sudden. The unseen horror zombie hits you.
The unseen horror zombie misses you. The unseen horror zombie hits you.
You hit the unseen horror zombie. You grab the unseen horror zombie.
You squeeze the unseen horror zombie!
The unseen horror zombie is heavily damaged.
You constrict the unseen horror zombie. The unseen horror zombie hits you!
* * * LOW HITPOINT WARNING * * *
The unseen horror zombie hits you.
* * * LOW HITPOINT WARNING * * *
The wight hits you with a +3 flail!
You die...

####)........
####...........
...............
..........#####
#.###.....## #
#.#####.## #.##$:$##.#
#...#(..oY#.#####
###.#?.!oc#...@z### .
#.#(!.yD#.###Z..# ...
#.##![[+###h##..#.....
##.#####.+$..#).).#
##..##+###$##....#
#.##..#####...).#
..#....#........#
.#c...+..........
..##...........


You could see a yak, 2 orc warriors, an acid dragon, a centaur, a howler monkey,
a killer bee, a wight and an unseen horror zombie.

Vanquished Creatures
  A two-headed ogre (D:8)
  Grinder (D:5)
  2 wyverns (D:8)
  2 water moccasins
  3 orc warriors
  A black bear (D:5)
  An ice beast (D:8)
  A sky beast (D:7)
  An ogre (D:4)
  A phantom (D:4)
  2 kobold brigands
  Blork the orc (D:5)
  3 scorpions
  2 bullfrogs
  A necrophage (D:5)
  A gnoll sergeant (D:9)
  2 howler monkeys (D:7)
  A jelly (D:6)
  Crazy Yiuf (D:5)
  4 orc priests
  A hound (D:4)
  An iguana (D:4)
  Terence (D:3)
  11 orc wizards
  4 gnolls (D:9)
  4 adders
  A shadow imp (D:4)
  A white imp (D:7)
  An ufetubus (D:5)
  A dart slug (D:4)
  29 orcs
  7 bats
  9 endoplasms
  4 giant cockroaches
  7 goblins
  9 hobgoblins
  3 jackals (D:4)
  2 quokkas
  6 ball pythons
  5 frilled lizards
  18 kobolds
  4 rats (D:1)
161 creatures vanquished.

Vanquished Creatures (others)
  A kobold (D:8)
  A fungus (D:5)
2 creatures vanquished.

Grand Total: 163 creatures vanquished

Notes
Turn   | Place    | Note
-------+----------+-------------------------------------------
     0 | D:1      | raistware the Octopode Conjurer began the quest for the
                  | Orb.
     0 | D:1      | Reached XP level 1. HP: 11/11 MP: 3/3
   184 | D:1      | Reached XP level 2. HP: 17/17 MP: 3/5
   403 | D:1      | Reached skill level 3 in Spellcasting
   501 | D:1      | Reached XP level 3. HP: 21/21 MP: 5/7
  2061 | D:3      | Found a faded altar of an unknown god.
  2276 | D:3      | Found Omyrch's General Store.
  2284 | D:3      | Bought a scroll of noise for 11 gold pieces
  2314 | D:3      | Learned a level 3 spell: Stone Arrow
  2338 | D:3      | Noticed Terence
  2399 | D:3      | Noticed a kobold brigand
  2632 | D:3      | Reached XP level 4. HP: 27/27 MP: 6/9
  2637 | D:3      | Learned a level 4 spell: Iskenderun's Mystic Blast
  3033 | D:3      | Killed a kobold brigand
  3034 | D:3      | Reached skill level 4 in Spellcasting
  3034 | D:3      | Reached skill level 1 in Translocations
  3034 | D:3      | Reached skill level 1 in Earth Magic
  3034 | D:3      | Reached XP level 5. HP: 20/31 MP: 0/11
  3264 | D:3      | Killed Terence
  3389 | D:4      | Found Mecerch's Magic Scroll Shoppe.
  3395 | D:4      | Bought a scroll of identify for 22 gold pieces
  3615 | D:4      | Noticed an ogre
  3637 | D:4      | Killed an ogre
  3638 | D:4      | Reached XP level 6. HP: 36/36 MP: 3/12
  3931 | D:4      | Found a glowing silver altar of Zin.
  4345 | D:4      | Reached skill level 5 in Conjurations
  4345 | D:4      | Reached XP level 7. HP: 41/41 MP: 6/13
  4977 | D:5      | Entered Level 5 of the Dungeon
  5027 | D:5      | Noticed Grinder
  5127 | D:5      | Paralysed by Grinder for 3 turns
  5130 | D:5      | Killed Grinder
  5415 | D:5      | Reached skill level 5 in Spellcasting
  5506 | D:5      | Reached XP level 8. HP: 46/46 MP: 3/16
  5627 | D:5      | Found a runed translucent door.
  5628 | D:5      | Noticed Crazy Yiuf
  5628 | D:5      | Noticed Blork the orc
  5634 | D:5      | Killed Crazy Yiuf
  5635 | D:5      | Killed Blork the orc
  5999 | D:5      | Found a hazy altar of Hepliaklqana.
  6100 | D:5      | Identified the +2 scale mail of the Bulwark {rF+ Str+4
                  | Dex+3}
  6225 | D:6      | Reached skill level 6 in Spellcasting
  6704 | D:6      | Found a staircase to the Ecumenical Temple.
  6713 | Temple   | Entered the Ecumenical Temple
  6713 | Temple   | Found a transporter.
  6713 | Temple   | Found a transporter.
  6715 | Temple   | Found a transporter.
  6715 | Temple   | Found a transporter.
  6729 | Temple   | Became a worshipper of Vehumet
  7120 | D:6      | Found a blossoming altar of Fedhas.
  7610 | D:7      | Found a white marble altar of Elyvilon.
  7610 | D:7      | Found an opulent altar of Gozag.
  7634 | D:7      | Noticed a five-headed hydra
  7862 | D:7      | Reached skill level 7 in Spellcasting
  7862 | D:7      | Reached XP level 9. HP: 38/51 MP: 7/19
  7991 | D:7      | Found an ornate altar of the Wu Jian Council.
  8386 | D:7      | Noticed a cyclops
  8640 | D:8      | Reached skill level 8 in Spellcasting
  8857 | D:8      | Noticed a two-headed ogre
  8864 | D:8      | Killed a two-headed ogre
  8865 | D:8      | Reached skill level 1 in Fighting
  8865 | D:8      | Reached skill level 5 in Earth Magic
  9130 | D:8      | Found Ratitwugh's Book Emporium.
  9298 | D:8      | Bought a Young Poisoner's Handbook for 260 gold pieces
  9303 | D:8      | Learned a level 4 spell: Olgreb's Toxic Radiance
  9615 | D:8      | Reached * piety under Vehumet
  9615 | D:8      | Offered knowledge of Shock by Vehumet.
  9692 | D:8      | Found a shimmering blue altar of Sif Muna.
  9917 | D:9      | Reached skill level 9 in Spellcasting
  9917 | D:9      | Reached XP level 10. HP: 58/58 MP: 12/23
 10078 | D:9      | Mangled by a wight

Illustrated notes

Levels and vault maps discovered:
D:1:      minmay_arrival_plants_in_alcoves, layout_basic, minmay_split_cup_small
D:2:      layout_basic, serial_bayou, serial_bayou_shore_a, serial_bayou_pond_c,
          serial_bayou_shore_b, serial_bayou_lake_a, serial_bayou_pond_e,
          serial_bayou_shore_b
D:3:      cheibrodos_thug_alley, layout_loops_corners,
          hellmonk_ecumenical_altar_arch_garden, serial_shops, shop,
          chequers_serial_rivers_marsh, uniq_terence
D:4:      layout_basic, zin_statuary, serial_shops, shop_scrolls, serial_glass,
          glass_columns_b, glass_columns_a, glass_columns_a, glass_columns_b,
          glass_columns_b
D:5:      layout_rooms, lemuel_round_altar, uniq_grinder,
          uniq_crazy_yiuf_cottage, uniq_blork_the_orc
D:6:      layout_layer_cave, kennysheep_mini_moat, temple_pool_b,
          minmay_misc_feat_chi, serial_park_tiny_1, nicolae_titane
D:7:      layout_loops_ring, gammafunk_temple_overflow_elements,
          mainiacjoe_overflow_cross_hatched
D:8:      layout_cave_pools, kennysheep_orc_sif_temple, serial_shops, shop,
          grunt_ministairs_11
D:9:      minmay_angry_zag, layout_irregular_city, serial_undead,
          serial_undead_d, serial_undead_e, serial_undead_a, serial_undead_f,
          enter_bailey_2, minmay_joined_circles
Temple:   hellmonk_temple_divided_pantheon

Skill      XL: |  1  2  3  4  5  6  7  8  9 |
---------------+----------------------------+-----
Spellcasting   | 3 4 5 7 9 |  9.1
Translocations | 1 2 |  2.0
Earth Magic    | 1 2 3 4 5 |  5.0
Conjurations   | 5 6 8 |  8.9
Stealth        | 3 |  3.0
Fighting       | 1 |  1.0
Dodging        | 3 |  3.0

Action                   |  1- 3 |  4- 6 |  7- 9 | 10-12 || total
-------------------------+-------+-------+-------+-------++-------
Melee: Unarmed           |     2 |       |       |       ||     2
       Tentacles         |     2 |     3 |    11 |     2 ||    18
       Constrict         |     2 |     2 |     7 |     3 ||    14
       Short sword       |    16 |     8 |    34 |     4 ||    62
Throw: Dart              |       |     1 |     3 |       ||     4
 Cast: Magic Dart        |    62 |    41 |    88 |     5 ||   196
       Stone Arrow       |       |    13 |    56 |    10 ||    79
       Iskenderun's Myst |       |       |    16 |       ||    16
  Use: Scroll            |       |     1 |     1 |       ||     2
       Potion            |       |       |     3 |     1 ||     4
 Stab: Sleeping          |     6 |       |       |       ||     6
Armor: Skin              |     2 |     1 |     2 |       ||     5
Dodge: Dodged            |    14 |     8 |    33 |    10 ||    65
